PBA
PORTLAND ROSEBUDS @ TACOMA LARKS
04/20/1915
 
TOP OF THE 1ST
Portland Rosebuds batting - Pitching for Tacoma Larks : LHP Dalton Poll
Pitching: LHP Dalton Poll
Batting: RHB Bennett Carlisle 0-0: Called Strike
0-1: Ball
1-1: Ball
2-1: Ball
3-1: Called Strike
3-2: Foul Ball, location: 7LDF
3-2: Foul Ball, location: 2F
3-2: Base on Balls
Batting: RHB Warner Norwood 0-0: Ball
1-0: Ball
2-0: DOUBLE (Line Drive, 7LM, EV 110.6 MPH)
Bennett Carlisle to third
Batting: LHB Clark Dethwright 0-0: Ball
1-0: Ball
2-0: Ball
3-0: Base on Balls
Batting: SHB Jesse Brownrigg 0-0: GRAND SLAM HOME RUN (Flyball, 9LD, EV 90.0 MPH), Distance : 346 ft
Batting: RHB James Bamforth 0-0: Called Strike
0-1: Ball
1-1: Foul Ball, location: 25F
1-2: Ball
2-2: SINGLE (Groundball, 34D, EV 96.9 MPH)
Batting: RHB Lillian Vanner 0-0: Foul Ball, location: 9LMF
0-1: Ball
1-1: Ball
2-1: Grounds into double play, 5-4-3 (Groundball, 5, EV 83.8 MPH)
Batting: SHB Loy Pauling 0-0: Ground out 6-3 (Groundball, 6S, EV 91.3 MPH)
Top of the 1st over - 4 runs, 3 hits, 0 errors, 0 left on base; Portland 4 - Tacoma 0
BOTTOM OF THE 1ST
Tacoma Larks batting - Pitching for Portland Rosebuds : RHP Percy Sibley
Pitching: RHP Percy Sibley
Batting: SHB Lewis Seppey 0-0: Called Strike
0-1: Swinging Strike
0-2: SINGLE (Groundball, 56D, EV 106.9 MPH) (infield hit)
Batting: RHB James Kent 0-0: Ball
1-0: Ball
2-0: Reached on error, E4 (Groundball, 4, EV 79.4 MPH)
Lewis Seppey to second
Batting: RHB Charles Thomlinson 0-0: Ball
1-0: Ball
2-0: Ball
3-0: Base on Balls
Lewis Seppey to third
James Kent to second
Batting: LHB Paul Shafto 0-0: Ball
1-0: Ball
2-0: Ball
3-0: Called Strike
3-1: Base on Balls
Lewis Seppey scores
James Kent to third
Charles Thomlinson to second
Batting: RHB David Fox 0-0: Fly out, F4 (Popup, 4S, EV 75.0 MPH)
Batting: SHB Max Toovey 0-0: Ball
1-0: Called Strike
1-1: Ball
2-1: Foul Ball, location: 2F
2-2: Foul Ball, location: 2F
2-2: SINGLE (Line Drive, 9S, EV 90.6 MPH)
James Kent scores
Charles Thomlinson to third
Paul Shafto to second
Batting: RHB Ernesto Barnes 0-0: Called Strike
0-1: Foul Ball, location: 23FF
0-2: Foul Ball, location: 9LDF
0-2: Grounds into double play, 5-2-3 (Groundball, 56S, EV 79.4 MPH)
Bottom of the 1st over - 2 runs, 2 hits, 1 error, 2 left on base; Portland 4 - Tacoma 2
TOP OF THE 2ND
Portland Rosebuds batting - Pitching for Tacoma Larks : LHP Dalton Poll
Batting: RHB Laverne Hotten 0-0: Ball
1-0: Called Strike
1-1: Ball
2-1: Fly out, F9 (Flyball, 89S, EV 81.3 MPH)
Batting: RHB Percy Sibley 0-0: Called Strike
0-1: Foul Ball, location: 2F
0-2: Ball
1-2: Ball
2-2: Strikes out looking
Batting: RHB Bennett Carlisle 0-0: Ball
1-0: Called Strike
1-1: Ball
2-1: Ball
3-1: Swinging Strike
3-2: Strikes out swinging
Top of the 2nd over - 0 runs, 0 hits, 0 errors, 0 left on base; Portland 4 - Tacoma 2
BOTTOM OF THE 2ND
Tacoma Larks batting - Pitching for Portland Rosebuds : RHP Percy Sibley
Batting: RHB Moses Snape 0-0: Ball
1-0: Swinging Strike
1-1: Ground out 4-3 (Groundball, 4, EV 90.0 MPH)
Batting: LHB Dalton Poll 0-0: Swinging Strike
0-1: Ball
1-1: Called Strike
1-2: Ball
2-2: Strikes out swinging
Batting: SHB Lewis Seppey 0-0: Fly out, F8 (Flyball, 78D, EV 108.8 MPH)
Bottom of the 2nd over - 0 runs, 0 hits, 0 errors, 0 left on base; Portland 4 - Tacoma 2
TOP OF THE 3RD
Portland Rosebuds batting - Pitching for Tacoma Larks : LHP Dalton Poll
Batting: RHB Warner Norwood 0-0: Foul Ball, location: 2F
0-1: Ball
1-1: SINGLE (Line Drive, 9S, EV 101.9 MPH)
Batting: LHB Clark Dethwright 0-0: Foul Ball, location: 2F
0-1: Ball
1-1: Ball
2-1: Ball
3-1: Called Strike
3-2: Foul Ball, location: 2F
3-2: Foul Ball, location: 5FF
3-2: Foul Ball, location: 25F
3-2: TRIPLE (Flyball, 89XD, EV 108.8 MPH)
Warner Norwood scores
Pitching: LHP Gustav Stevens
Batting: SHB Jesse Brownrigg 0-0: Fly out, F8 (Flyball, 89M, EV 90.0 MPH)
Runner from 3rd tags up, SCORES, no throw by CF
Batting: RHB James Bamforth 0-0: Ball
1-0: Called Strike
1-1: Foul Ball, location: 5FF
1-2: Fly out, F3 (Popup, 3F, EV 61.9 MPH)
Batting: RHB Lillian Vanner 0-0: SINGLE (Line Drive, 3D, EV 95.0 MPH)
Batting: SHB Loy Pauling 0-0: Foul Ball, location: 2F
0-1: Ball
1-1: Swinging Strike
1-2: Strikes out swinging
Top of the 3rd over - 2 runs, 3 hits, 0 errors, 1 left on base; Portland 6 - Tacoma 2
BOTTOM OF THE 3RD
Tacoma Larks batting - Pitching for Portland Rosebuds : RHP Percy Sibley
Batting: RHB James Kent 0-0: Ground out 5-3 (Groundball, 56, EV 90.0 MPH)
Batting: RHB Charles Thomlinson 0-0: Ball
1-0: Fly out, F4 (Line Drive, 4M, EV 61.9 MPH)
Batting: LHB Paul Shafto 0-0: Called Strike
0-1: Ball
1-1: Ground out 4-3 (Groundball, 4, EV 109.4 MPH)
Bottom of the 3rd over - 0 runs, 0 hits, 0 errors, 0 left on base; Portland 6 - Tacoma 2
TOP OF THE 4TH
Portland Rosebuds batting - Pitching for Tacoma Larks : LHP Gustav Stevens
Batting: RHB Laverne Hotten 0-0: Ball
1-0: Ball
2-0: Called Strike
2-1: Foul Ball, location: 2F
2-2: Foul Ball, location: 9LMF
2-2: Ball
3-2: SINGLE (Groundball, 4MD, EV 98.1 MPH)
Batting: RHB Percy Sibley 0-0: Ball
1-0: Sac Bunt to 2L - play at first, batter OUT! 2-4
Laverne Hotten to second
Batting: RHB Bennett Carlisle 0-0: DOUBLE (Flyball, 8RXD, EV 95.6 MPH)
Laverne Hotten scores
Batting: RHB Warner Norwood 0-0: Ball
1-0: Called Strike
1-1: Swinging Strike
1-2: Ball
2-2: DOUBLE (Groundball, 5L, EV 106.9 MPH)
Bennett Carlisle scores
Batting: LHB Clark Dethwright 0-0: Called Strike
0-1: Ball
1-1: Ball
2-1: Ball
3-1: Fly out, F9 (Flyball, 9, EV 75.0 MPH)
Batting: SHB Jesse Brownrigg 0-0: Foul Ball, location: 7LMF
0-1: Reached on error, E5 (Groundball, 56, EV 104.4 MPH)
Warner Norwood to third
Batting: RHB James Bamforth 0-0: DOUBLE (Flyball, 8LXD, EV 106.3 MPH)
Warner Norwood scores
Jesse Brownrigg to third
Batting: RHB Lillian Vanner 0-0: Fly out, F4 (Line Drive, 4, EV 68.1 MPH)
Top of the 4th over - 3 runs, 4 hits, 1 error, 2 left on base; Portland 9 - Tacoma 2
BOTTOM OF THE 4TH
Tacoma Larks batting - Pitching for Portland Rosebuds : RHP Percy Sibley
Batting: RHB David Fox 0-0: Foul Ball, location: 2F
0-1: SINGLE (Groundball, 4MD, EV 101.9 MPH)
Batting: SHB Max Toovey 0-0: Called Strike
0-1: Fly out, F4 (Line Drive, 4D, EV 65.0 MPH)
Batting: RHB Ernesto Barnes 0-0: Ball
David Fox steals 2nd base
1-0: Foul Ball, location: 2F
1-1: Ground out 6-3 (Groundball, 4M, EV 84.4 MPH)
Batting: RHB Moses Snape 0-0: Swinging Strike
0-1: DOUBLE (Flyball, 78XD, EV 108.1 MPH)
David Fox scores
Batting: LHB Gustav Stevens 0-0: Called Strike
0-1: Foul Ball, location: 2F
0-2: Ball
1-2: Fly out, F5 (Line Drive, 5, EV 65.6 MPH)
Bottom of the 4th over - 1 run, 2 hits, 0 errors, 1 left on base; Portland 9 - Tacoma 3
TOP OF THE 5TH
Portland Rosebuds batting - Pitching for Tacoma Larks : LHP Gustav Stevens
Batting: SHB Loy Pauling 0-0: Called Strike
0-1: Ball
1-1: Swinging Strike
1-2: Strikes out swinging
Batting: RHB Laverne Hotten 0-0: Ball
1-0: SINGLE (Line Drive, 89M, EV 103.1 MPH)
Batting: RHB Percy Sibley 0-0: Sac Bunt to 23 - play at first, batter OUT! 3-4
Laverne Hotten to second
Batting: RHB Bennett Carlisle 0-0: Ground out 6-3 (Groundball, 56, EV 106.9 MPH)
Top of the 5th over - 0 runs, 1 hit, 0 errors, 1 left on base; Portland 9 - Tacoma 3
BOTTOM OF THE 5TH
Tacoma Larks batting - Pitching for Portland Rosebuds : RHP Percy Sibley
Batting: SHB Lewis Seppey 0-0: Ball
1-0: SINGLE (Line Drive, 6MD, EV 98.1 MPH)
Batting: RHB James Kent 0-0: Ball
1-0: Called Strike
1-1: Ball
2-1: Swinging Strike
2-2: Fly out, F9 (Line Drive, 34D, EV 102.5 MPH)
Batting: RHB Charles Thomlinson 0-0: Ball
1-0: Ball
2-0: Called Strike
2-1: Fly out, F3 (Popup, 3S, EV 82.5 MPH)
Batting: LHB Paul Shafto 0-0: Ball
1-0: Called Strike
Lewis Seppey steals 2nd base
1-1: Fly out, F9 (Flyball, 9LMF, EV 105.6 MPH)
Bottom of the 5th over - 0 runs, 1 hit, 0 errors, 1 left on base; Portland 9 - Tacoma 3
TOP OF THE 6TH
Portland Rosebuds batting - Pitching for Tacoma Larks : LHP Gustav Stevens
Batting: RHB Warner Norwood 0-0: Fly out, F9 (Line Drive, 89S, EV 89.4 MPH)
Batting: LHB Clark Dethwright 0-0: Swinging Strike
0-1: Ball
1-1: Foul Ball, location: 7LMF
1-2: Ball
2-2: Hit by Pitch
Batting: SHB Jesse Brownrigg 0-0: Ball
1-0: Foul Ball, location: 5F
1-1: Ball
2-1: Ball
3-1: Base on Balls
Clark Dethwright to second
Batting: RHB James Bamforth 0-0: Ball
1-0: Ball
2-0: Called Strike
2-1: Ball
3-1: Called Strike
3-2: Fly out, F8 (Flyball, 8RXD, EV 99.4 MPH)
Batting: RHB Lillian Vanner 0-0: Called Strike
0-1: Ball
1-1: Fly out, F7 (Flyball, 7D, EV 108.8 MPH)
Top of the 6th over - 0 runs, 0 hits, 0 errors, 2 left on base; Portland 9 - Tacoma 3
BOTTOM OF THE 6TH
Tacoma Larks batting - Pitching for Portland Rosebuds : RHP Percy Sibley
Batting: RHB David Fox 0-0: Fly out, F5 (Line Drive, 5D, EV 65.6 MPH)
Batting: SHB Max Toovey 0-0: Called Strike
0-1: Called Strike
0-2: DOUBLE (Flyball, 89XD, EV 98.1 MPH)
Batting: RHB Ernesto Barnes 0-0: Called Strike
0-1: Ball
1-1: Ground out 5-3 (Groundball, 56, EV 83.8 MPH)
Batting: RHB Moses Snape 0-0: Ball
1-0: SINGLE (Groundball, 56D, EV 105.6 MPH)
Max Toovey to third
Runner from 3rd tries for Home, SAFE, throw by LF to home
Pinch Hitting: LHB Elmore Davis 0-0: Ball
1-0: SINGLE (Line Drive, 8RS, EV 103.8 MPH)
Moses Snape to second
Batting: SHB Lewis Seppey 0-0: Ball
1-0: Ball
2-0: Called Strike
2-1: Fly out, F8 (Flyball, 8RD, EV 92.5 MPH)
Bottom of the 6th over - 1 run, 3 hits, 0 errors, 2 left on base; Portland 9 - Tacoma 4
TOP OF THE 7TH
Portland Rosebuds batting - Pitching for Tacoma Larks : LHP Gustav Stevens
Pitching: RHP Reginald Dainty
Batting: SHB Loy Pauling 0-0: Ball
1-0: Called Strike
1-1: Swinging Strike
1-2: Foul Ball, location: 2F
1-2: Strikes out looking
Batting: RHB Laverne Hotten 0-0: Ball
1-0: Foul Ball, location: 2F
1-1: Swinging Strike
1-2: Ball
2-2: Foul Ball, location: 9LSF
2-2: Ground out 6-3 (Groundball, 6, EV 84.4 MPH)
Batting: RHB Percy Sibley 0-0: Called Strike
0-1: Ball
1-1: Fly out, F9 (Line Drive, 9S, EV 87.5 MPH)
Top of the 7th over - 0 runs, 0 hits, 0 errors, 0 left on base; Portland 9 - Tacoma 4
BOTTOM OF THE 7TH
Tacoma Larks batting - Pitching for Portland Rosebuds : RHP Percy Sibley
Batting: RHB James Kent 0-0: Called Strike
0-1: Ball
1-1: Foul Ball, location: 25F
1-2: Ball
2-2: Ball
3-2: SINGLE (Line Drive, 9S, EV 101.3 MPH)
Batting: RHB Charles Thomlinson 0-0: Ball
1-0: Fielders Choice at 2nd, 6-4 (Groundball, 6, EV 82.5 MPH)
Batting: LHB Paul Shafto 0-0: Ball
1-0: Swinging Strike
1-1: Ball
2-1: Ball
3-1: Foul Ball, location: 2F
3-2: Fly out, F8 (Flyball, 8LM, EV 92.5 MPH)
Batting: RHB David Fox 0-0: Called Strike
0-1: Ball
Wild Pitch!
Charles Thomlinson to second
1-1: Foul Ball, location: 25FF
1-2: Fly out, F4 (Line Drive, 4MD, EV 100.6 MPH)
Bottom of the 7th over - 0 runs, 1 hit, 0 errors, 1 left on base; Portland 9 - Tacoma 4
TOP OF THE 8TH
Portland Rosebuds batting - Pitching for Tacoma Larks : RHP Reginald Dainty
Batting: RHB Bennett Carlisle 0-0: Ball
1-0: Ball
2-0: Ground out 4-3 (Groundball, 4D, EV 107.5 MPH)
Batting: RHB Warner Norwood 0-0: Ground out 1-3 (Groundball, P, EV 67.5 MPH)
Batting: LHB Clark Dethwright 0-0: Called Strike
0-1: Ball
1-1: Ball
2-1: Foul Ball, location: 9LMF
2-2: Strikes out swinging
Top of the 8th over - 0 runs, 0 hits, 0 errors, 0 left on base; Portland 9 - Tacoma 4
BOTTOM OF THE 8TH
Tacoma Larks batting - Pitching for Portland Rosebuds : RHP Percy Sibley
Pitching: LHP Ambrose Watcham
Batting: SHB Max Toovey 0-0: Ball
1-0: Fly out, F9 (Flyball, 9D, EV 109.4 MPH)
Batting: RHB Ernesto Barnes 0-0: Ball
1-0: Ball
2-0: Called Strike
2-1: SINGLE (Line Drive, 9LS, EV 92.5 MPH)
Batting: RHB Moses Snape 0-0: SINGLE (Groundball, 34D, EV 105.0 MPH)
Ernesto Barnes to second
Pinch Hitting: SHB Tony Mugford 0-0: Called Strike
0-1: Ball
1-1: Fly out, F7 (Flyball, 7, EV 103.8 MPH)
Batting: SHB Lewis Seppey 0-0: Swinging Strike
0-1: Swinging Strike
0-2: Foul Ball, location: 3F
0-2: Ground out 5-3 (Groundball, 56S, EV 70.6 MPH)
Bottom of the 8th over - 0 runs, 2 hits, 0 errors, 2 left on base; Portland 9 - Tacoma 4
TOP OF THE 9TH
Portland Rosebuds batting - Pitching for Tacoma Larks : RHP Reginald Dainty
Pitching: RHP Edward Raeburn
Batting: SHB Jesse Brownrigg 0-0: Ball
1-0: Ball
2-0: Ground out 5-3 (Groundball, 15, EV 95.0 MPH)
Batting: RHB James Bamforth 0-0: Called Strike
0-1: Ball
1-1: DOUBLE (Flyball, 89D, EV 110.6 MPH)
Batting: RHB Lillian Vanner 0-0: Ball
1-0: Swinging Strike
1-1: Ball
2-1: Ball
3-1: Called Strike
3-2: Foul Ball, location: 9LDF
3-2: Foul Ball, location: 2F
3-2: Foul Ball, location: 2F
3-2: Base on Balls
Batting: SHB Loy Pauling 0-0: Swinging Strike
0-1: Swinging Strike
0-2: Ball
1-2: Fly out, F8 (Line Drive, 8LS, EV 89.4 MPH)
Batting: RHB Laverne Hotten 0-0: Called Strike
0-1: Ball
1-1: Fly out, F8 (Flyball, 89M, EV 99.4 MPH)
Top of the 9th over - 0 runs, 1 hit, 0 errors, 2 left on base; Portland 9 - Tacoma 4
BOTTOM OF THE 9TH
Tacoma Larks batting - Pitching for Portland Rosebuds : LHP Ambrose Watcham
Batting: RHB James Kent 0-0: Called Strike
0-1: Ball
1-1: Foul Ball, location: 9LMF
1-2: Foul Ball, location: 2F
1-2: Ball
2-2: Fly out, F8 (Flyball, 8LD, EV 104.4 MPH)
Batting: RHB Charles Thomlinson 0-0: Called Strike
0-1: Called Strike
0-2: Fly out, F8 (Flyball, 78M, EV 73.8 MPH)
Pinch Hitting: RHB Henry Kellogg 0-0: Ball
1-0: Ball
2-0: Called Strike
2-1: Ball
3-1: Base on Balls
Batting: RHB David Fox 0-0: Called Strike
0-1: Ball
1-1: Ball
2-1: Ball
3-1: Swinging Strike
3-2: Ground out 4-3 (Groundball, 4, EV 83.1 MPH)
Bottom of the 9th over - 0 runs, 0 hits, 0 errors, 1 left on base; Portland 9 - Tacoma 4
Tuesday, October 29th , 2024 - OOTP Baseball 25.10 Build 95